 Dungeon Crawl Stone Soup version 0.31-a0-489-g282fc92437 (webtiles) character file.

Game seed: 1461402785038154393

733 Ethylacetat the Cutter (level 7, 0/52 HPs)
             Began as an Octopode Gladiator on Aug 8, 2023.
             Slain by an orc
             ... wielding a +0 whip
              (6 damage)
             ... on level 4 of the Dungeon.
             The game lasted 00:06:18 (3354 turns).

Ethylacetat the Cutter (Octopode Gladiator)         Turns: 3354, Time: 00:06:19

Health: 0/52       AC:  1    Str: 13    XL:     7   Next: 74%
Magic:  7/7        EV: 14    Int: 11    God:
Gold:   357        SH:  0    Dex: 15    Spells: 6/6 levels left

rFire   . . .        l - +8 club
rCold   . . .        (no shield)
rNeg    + . .        b - +0 hat
rPois   .            (no amulet)
rElec   .            i - ring of positive energy
rCorr   .            (no ring)
SInv    .            (no ring)
Will    .....        (no ring)
Stlth   ++           (no ring)
HPRegen 0.28/turn    (no ring)
MPRegen 0.10/turn    (no ring)
                     (no ring)

%: no passive effects
@: no status effects
A: almost no armour, amphibious, 8 rings, camouflage 1, gelatinous body 1,
(nimble swimmer 1), tentacles
a: no special abilities


You were on level 4 of the Dungeon.
You visited 1 branch of the dungeon, and saw 5 of its levels.
You also visited: Sewer.

You collected 357 gold pieces.

Inventory:

Hand Weapons
 j - a +1 rapier of distortion
 l - a +8 club (weapon)
 m - a +4 whip
Missiles
 c - 3 throwing nets
 d - a javelin
 o - 3 curare-tipped darts (quivered)
 q - 3 boomerangs
Armour
 b - a +0 hat (worn)
Jewellery
 i - a ring of positive energy (left tentacle)
Scrolls
 a - 4 scrolls of teleportation {unknown}
 e - 5 scrolls of identify {unknown}
 f - 4 scrolls of immolation {unknown}
 h - 2 scrolls of vulnerability {unknown}
 k - 2 scrolls of noise {unknown}
 p - a scroll of amnesia {unknown}
 r - a scroll of blinking {unknown}
Potions
 g - a potion of curing
 n - 4 potions of enlightenment


   Skills:
 + Level 6.1 Fighting
 + Level 6.5 Short Blades
 - Level 2.0 Throwing
 - Level 3.0 Dodging


You had 6 spell levels left.
You didn't know any spells.
Your spell library was empty.

Dungeon Overview and Level Annotations

Branches:
Dungeon (5/15)              Sewer (visited)
 Temple: D:4-7

Altars:
Dithmenos
Qazlal
Sif Muna

Shops:
D:3 (


Innate Abilities, Weirdness & Mutations

You cannot wear most types of armour.
You are amphibious.
You can wear up to eight rings at the same time.
Your skin changes colour to match your surroundings (Stealth+).
Your rubbery body absorbs attacks. (AC +1, EV +1)
((You are camouflaged when in or above water. (Stealth+)))
You have tentacles for arms and can constrict up to eight enemies at once.


Message History

There is an open translucent gate here.
There is a stone staircase leading down here.
You climb downwards.
Found 14 gold pieces.
There is a stone staircase leading up here.
The helpless orc wizard fails to defend itself.
You sock the orc wizard! Your grab misses the orc wizard.
The orc wizard is heavily wounded.
The orc shouts!
The orc wizard closely misses you.
The orc priest hits you with a +0 dagger.
You hit the orc priest. You grab the orc priest.
The orc priest is lightly wounded.
You constrict the orc priest.
The orc priest looks braver for a moment.
The orc barely misses you. The orc wizard casts a spell at you.
The puff of flame hits you!
You release your grip on the orc priest.
The orc priest hits you with a +0 dagger.
The orc hits you with a +0 club. The orc hits you with a +0 whip.
The orc wizard hits you with a +0 dagger.
You climb upwards.
There is a stone staircase leading down here.
Unknown command.
You closely miss the orc priest. You grab the orc priest.
The orc priest is lightly wounded.
You constrict the orc priest, but do no damage.
The orc barely misses you. The orc closely misses you.
The orc priest hits you with a +0 dagger.
The orc wizard barely misses you.
You hit the orc priest.
The orc priest is heavily wounded.
You constrict the orc priest, but do no damage.
The orc hits you with a +0 whip. The orc closely misses you.
The orc wizard casts a spell at you. The magic dart hits you!
* * * LOW HITPOINT WARNING * * *
The orc priest barely misses you. The orc hits you with a +0 whip.
You die...

....#⌠.#.#.⌠#............#
....#~.#.#.~#..####......#
....##.....##..##.>......#
####.##)''##...##.#.######
...#..))..........#.#
...#####...##..####.# ...#
###.##....#..# ...#
#.....o.o.## ...#
#.....o@### ...# #.....o.#
...# #.......# ...#
#.......# ...# #########
####


You could see an orc priest, an orc wizard and 2 orcs.

Vanquished Creatures
  The ghost of Ethylacetat the Changeling, a novice OpSh (D:4)
  3 kobold brigands
  Jessica (D:2)
  An iguana (D:4)
  6 adders
  3 gnolls (D:3)
  2 river rats (Sewer)
  3 worms
  3 dart slugs
  3 orcs
  7 ball pythons
  5 bats
  6 endoplasms
  3 giant cockroaches
  7 goblins
  8 hobgoblins
  9 jackals
  6 quokkas
  2 frilled lizards
  13 kobolds
  5 rats
97 creatures vanquished.

Notes
Turn   | Place    | Note
-------+----------+-------------------------------------------
     0 | D:1      | Ethylacetat the Octopode Gladiator began the quest for the
                  | Orb.
     0 | D:1      | Reached XP level 1. HP: 14/14 MP: 1/1
   101 | D:1      | Reached XP level 2. HP: 20/20 MP: 2/2
   671 | D:1      | Reached XP level 3. HP: 25/25 MP: 3/3
   893 | D:2      | Reached XP level 4. HP: 19/31 MP: 4/4
  1283 | D:2      | Found a faded altar of an unknown god.
  1291 | D:2      | Noticed Jessica
  1304 | D:2      | Killed Jessica
  1305 | D:2      | Reached XP level 5. HP: 17/37 MP: 5/5
  2006 | D:3      | Found Urphycou's Weapon Shoppe.
  2229 | D:4      | Found a shimmering blue altar of Sif Muna.
  2231 | D:4      | Found a shadowy altar of Dithmenos.
  2256 | D:4      | Found a stormy altar of Qazlal.
  2528 | D:4      | Reached skill level 5 in Short Blades
  2549 | D:4      | Found a glowing drain.
  2555 | D:4      | Reached XP level 6. HP: 44/44 MP: 6/6
  2559 | Sewer    | Entered a sewer
  2621 | Sewer    | Reached skill level 5 in Fighting
  2743 | Sewer    | Found a white marble altar of Elyvilon.
  2922 | D:4      | Found a runed translucent gate.
  2923 | D:4      | Found a runed translucent gate.
  2924 | D:4      | Found a runed translucent gate.
  2928 | D:4      | Noticed Ethylacetat's ghost (novice OpSh)
  3171 | D:4      | Killed Ethylacetat's ghost
  3172 | D:4      | Reached XP level 7. HP: 36/51 MP: 7/7
  3348 | D:5      | Entered Level 5 of the Dungeon
  3354 | D:4      | Slain by an orc

Illustrated notes

Levels and vault maps discovered:
D:1:      scummos_arrival_forest, layout_basic
D:2:      minmay_chambers_of_twos, layout_rooms,
          hellmonk_ecumenical_altar_crossroads, uniq_jessica
D:3:      layout_rooms, serial_corexii_hall, chequers_hall_statues_corner_a,
          chequers_hall_statues_wall_a, chequers_hall_statues_y,
          corexii_hall_statues_i, serial_shops, nicolae_square_shop,
          kennysheep_path_1
D:4:      layout_basic, chequers_temple_overflow_statue_of_worship,
          portal_sewer_entry_d, gammafunk_ghost_nasty_kobolds,
          serial_bayou_crossing
D:5:      layout_loops_cross, minmay_temple_entry_overgrown, serial_shops,
          nicolae_shop_real_fake_doors, dreamdust_princess_bridge

Skill      XL: |  1  2  3  4  5  6  7 |
---------------+----------------------+-----
Fighting       | 3 4 5 6 |  6.1
Short Blades   | 4 5 6 |  6.5
Throwing       | |  2.0
Dodging        | |  3.0

Action                     |  1- 3 |  4- 6 |  7- 9 || total
---------------------------+-------+-------+-------++-------
  Melee: Rapier            |    46 |    35 |       ||    81
         Constrict         |    13 |    29 |     6 ||    48
         Tentacles         |     6 |    24 |     3 ||    33
         Punch             |     1 |       |       ||     1
         Club              |       |   106 |    15 ||   121
    Use: Potion            |       |     7 |       ||     7
   Stab: Sleeping          |    10 |    10 |     1 ||    21
 Armour: Skin              |     5 |     7 |       ||    12
  Dodge: Dodged            |    25 |    86 |    16 ||   127

Table legend: (Time is in decaauts)
 A = Elapsed time spent in this place.
 B = Non-inter-level travel time spent in this place.
 C = Inter-level travel time spent in this place.
 D = Time resting spent in this place.
 E = Time spent auto-exploring this place.
 F = Levels seen in this place.
 G = Mean time per level.
                   A        B        C        D        E       F      G
               +--------+--------+--------+--------+--------+-----+--------+
         Total |   3370 |   3169 |    201 |      0 |   2467 |   6 |  561.7 |
       Dungeon |   3115 |   2914 |    201 |      0 |   2261 |   5 |  623.0 |
         Sewer |    254 |    254 |      0 |      0 |    206 |   1 |  254.0 |
               +--------+--------+--------+--------+--------+-----+--------+

Top non-repeatable levels by time:
     D:4: 871 daAuts
     D:1: 824 daAuts
     D:2: 714 daAuts
     D:3: 701 daAuts
   Sewer: 254 daAuts
     D:5: 4 daAuts
